[ AOE2 MATCH · #494851368 ]
UnrankedTurks vs Bohemians
Player's team · WIN
[ REPLAY ANALYSIS · EXTRACTED FROM THE RECORDED GAME ]
Feudal
8:54
Castle
18:18
Imperial
35:09
| APM avg | 91.8 |
| APM peak | 135 |
| eAPM avg | 45.7 |
| Villagers / military | 121 / 87 |
Focus
⚔️ 56.7% · 🌾 43.3%
Janissary ×62 · Bombard Cannon ×9 · Scout Cavalry ×6 · Mangonel ×5 · Trebuchet (Packed) ×4 · Spearman ×1
Feudal
9:18
Castle
13:48
Imperial
—
| APM avg | 43.6 |
| APM peak | 66 |
| eAPM avg | 19.3 |
| Villagers / military | 76 / 56 |
Focus
⚔️ 41.8% · 🌾 58.2%
Hussite Wagon ×36 · Monk ×20
Match map
Initial resources + every placement click. Lines = walls · curves = elevation contours. ◆ gold · ⬟ stone · ● berries · ✦ relic · ◌ wall gap
Your base· Open — unwalled flank
Kejserguldbajer 2.'s base· Open — unwalled flank
Smoothed initial terrain · ◌ = detected wall gap · hover for details
Inputs per minute
— TdB.DavidVJ - - Kejserguldbajer 2.
Build order — TdB.DavidVJ
First 150 of 348 actions detected
| 0:00 | Queue | Villager (Male) |
| 0:00 | Queue | Villager (Male) |
| 0:01 | Build | House |
| 0:04 | Research | Loom |
| 0:04 | Research | Loom |
| 0:13 | Queue | Villager (Male) |
| 0:32 | Queue | Villager (Male) |
| 0:32 | Queue | Villager (Male) |
| 0:33 | Queue | Villager (Male) |
| 0:36 | Build | House |
| 1:07 | Queue | Villager (Male) |
| 1:32 | Queue | Villager (Male) |
| 1:54 | Build | Lumber Camp |
| 1:59 | Queue | Villager (Male) |
| 2:12 | Queue | Villager (Male) |
| 2:38 | Queue | Villager (Male) |
| 2:50 | Build | House |
| 3:31 | Queue | Villager (Male) |
| 3:39 | Queue | Villager (Male) |
| 3:44 | Queue | Villager (Male) |
| 4:17 | Build | Mill |
| 4:38 | Queue | Villager (Male) |
| 4:51 | Build | House |
| 5:35 | Queue | Villager (Male) |
| 5:57 | Queue | Villager (Male) |
| 6:11 | Queue | Villager (Male) |
| 6:25 | Research | Feudal Age |
| 7:26 | Build | Barracks |
| 7:39 | Queue | Villager (Male) |
| 8:25 | Build | House |
| 8:47 | Queue | Villager (Male) |
| 8:54 | Age | Feudal Age |
| 8:55 | Build | Stable |
| 9:05 | Queue | Spearman |
| 9:31 | Queue | Villager (Male) |
| 9:38 | Queue | Scout Cavalry |
| 9:39 | Queue | Scout Cavalry |
| 9:39 | Queue | Villager (Male) |
| 9:41 | Build | House |
| 9:52 | Queue | Villager (Male) |
| 9:52 | Queue | Villager (Male) |
| 9:53 | Build | Farm |
| 9:54 | Build | Farm |
| 9:56 | Research | Double-Bit Axe |
| 10:13 | Build | Watch Tower |
| 10:15 | Queue | Scout Cavalry |
| 10:16 | Queue | Villager (Male) |
| 10:25 | Queue | Villager (Male) |
| 10:29 | Queue | Scout Cavalry |
| 10:39 | Build | Mining Camp |
| 10:41 | Build | Mining Camp |
| 10:45 | Queue | Villager (Male) |
| 11:06 | Build | House |
| 11:14 | Queue | Villager (Male) |
| 11:27 | Queue | Scout Cavalry |
| 11:42 | Build | Mining Camp |
| 12:13 | Queue | Villager (Male) |
| 12:18 | Queue | Villager (Male) |
| 12:23 | Build | Farm |
| 12:34 | Build | Palisade Wall |
| 12:35 | Build | Palisade Wall |
| 12:35 | Build | Palisade Wall |
| 12:36 | Build | Palisade Wall |
| 12:36 | Build | Palisade Wall |
| 12:37 | Build | Palisade Wall |
| 12:37 | Build | Palisade Wall |
| 12:49 | Queue | Villager (Male) |
| 12:51 | Build | Farm |
| 13:01 | Queue | Villager (Male) |
| 13:03 | Build | Farm |
| 13:21 | Queue | Villager (Male) |
| 13:26 | Build | Market |
| 13:41 | Build | Watch Tower |
| 14:19 | Queue | Villager (Male) |
| 14:30 | Build | Blacksmith |
| 14:52 | Build | Watch Tower |
| 15:29 | Build | House |
| 15:32 | Build | Palisade Wall |
| 15:38 | Research | Castle Age |
| 15:38 | Research | Castle Age |
| 16:13 | Queue | Villager (Male) |
| 17:01 | Research | Horse Collar |
| 17:01 | Research | Horse Collar |
| 17:01 | Research | Gold Mining |
| 17:01 | Research | Gold Mining |
| 17:09 | Queue | Villager (Male) |
| 17:12 | Build | House |
| 17:59 | Build | House |
| 18:18 | Age | Castle Age |
| 18:24 | Build | Castle |
| 18:27 | Build | House |
| 18:31 | Build | Siege Workshop |
| 18:41 | Build | Palisade Wall |
| 18:50 | Queue | Mangonel |
| 18:56 | Queue | Villager (Male) |
| 19:26 | Queue | Janissary |
| 19:26 | Queue | Janissary |
| 19:29 | Queue | Villager (Male) |
| 19:33 | Build | Farm |
| 19:46 | Queue | Villager (Male) |
| 20:10 | Queue | Villager (Male) |
| 20:15 | Build | Farm |
| 20:20 | Queue | Villager (Male) |
| 20:23 | Build | Farm |
| 20:29 | Queue | Janissary |
| 20:29 | Queue | Janissary |
| 20:41 | Build | Farm |
| 20:50 | Queue | Villager (Male) |
| 20:52 | Queue | Mangonel |
| 20:57 | Build | Farm |
| 21:14 | Queue | Janissary |
| 21:27 | Build | Farm |
| 21:29 | Build | Farm |
| 21:38 | Queue | Villager (Male) |
| 21:50 | Queue | Villager (Male) |
| 22:16 | Queue | Villager (Male) |
| 22:28 | Queue | Mangonel |
| 22:32 | Queue | Villager (Male) |
| 22:49 | Queue | Villager (Male) |
| 23:16 | Build | Mining Camp |
| 23:16 | Queue | Villager (Male) |
| 23:16 | Queue | Villager (Male) |
| 23:36 | Queue | Villager (Male) |
| 23:52 | Queue | Villager (Male) |
| 24:04 | Queue | Villager (Male) |
| 24:24 | Build | Town Center |
| 24:33 | Build | Farm |
| 24:42 | Queue | Villager (Male) |
| 24:55 | Queue | Villager (Male) |
| 25:07 | Queue | Janissary |
| 25:08 | Queue | Janissary |
| 25:11 | Queue | Villager (Male) |
| 25:15 | Build | Farm |
| 25:15 | Build | Farm |
| 25:29 | Queue | Villager (Male) |
| 25:33 | Build | House |
| 25:43 | Build | Farm |
| 25:47 | Queue | Villager (Male) |
| 25:50 | Build | Farm |
| 25:56 | Queue | Janissary |
| 25:56 | Queue | Janissary |
| 25:56 | Queue | Janissary |
| 26:04 | Queue | Villager (Male) |
| 26:06 | Build | Farm |
| 26:24 | Queue | Janissary |
| 26:24 | Queue | Janissary |
| 26:26 | Build | Farm |
| 26:28 | Build | Farm |
| 26:32 | Queue | Janissary |
| 26:55 | Queue | Scout Cavalry |
Build order — Kejserguldbajer 2.
First 150 of 193 actions detected
| 0:01 | Queue | Villager (Male) |
| 0:03 | Research | Loom |
| 0:03 | Queue | Villager (Male) |
| 0:04 | Queue | Villager (Male) |
| 0:05 | Build | House |
| 0:07 | Build | House |
| 0:46 | Queue | Villager (Male) |
| 0:46 | Queue | Villager (Male) |
| 1:13 | Build | Lumber Camp |
| 1:14 | Queue | Villager (Male) |
| 2:22 | Queue | Villager (Male) |
| 2:22 | Queue | Villager (Male) |
| 2:31 | Build | House |
| 2:57 | Queue | Villager (Male) |
| 2:58 | Queue | Villager (Male) |
| 3:17 | Build | Mill |
| 3:22 | Queue | Villager (Male) |
| 3:25 | Build | House |
| 3:26 | Build | Palisade Wall |
| 4:01 | Queue | Villager (Male) |
| 4:49 | Queue | Villager (Male) |
| 4:58 | Queue | Villager (Male) |
| 4:58 | Queue | Villager (Male) |
| 5:19 | Queue | Villager (Male) |
| 5:19 | Queue | Villager (Male) |
| 5:33 | Build | Mining Camp |
| 5:45 | Build | House |
| 7:00 | Research | Feudal Age |
| 7:24 | Build | Palisade Wall |
| 7:26 | Build | Palisade Wall |
| 9:18 | Age | Feudal Age |
| 9:21 | Queue | Villager (Male) |
| 9:21 | Queue | Villager (Male) |
| 9:25 | Build | Market |
| 9:27 | Build | Blacksmith |
| 11:08 | Research | Castle Age |
| 12:58 | Build | Palisade Wall |
| 13:48 | Age | Castle Age |
| 13:51 | Build | Castle |
| 14:40 | Build | Lumber Camp |
| 14:47 | Build | Mining Camp |
| 14:49 | Queue | Hussite Wagon |
| 14:51 | Queue | Villager (Male) |
| 14:51 | Queue | Villager (Male) |
| 14:52 | Queue | Villager (Male) |
| 14:52 | Queue | Villager (Male) |
| 14:52 | Queue | Villager (Male) |
| 14:52 | Queue | Villager (Male) |
| 16:22 | Queue | Hussite Wagon |
| 16:22 | Queue | Hussite Wagon |
| 17:23 | Queue | Villager (Male) |
| 17:24 | Queue | Villager (Male) |
| 17:42 | Queue | Hussite Wagon |
| 17:42 | Queue | Hussite Wagon |
| 17:51 | Queue | Villager (Male) |
| 17:51 | Queue | Villager (Male) |
| 17:56 | Build | House |
| 17:59 | Build | House |
| 18:30 | Queue | Villager (Male) |
| 18:32 | Build | Farm |
| 18:34 | Build | Farm |
| 18:36 | Queue | Villager (Male) |
| 19:01 | Queue | Hussite Wagon |
| 19:39 | Build | Monastery |
| 19:48 | Queue | Villager (Male) |
| 19:54 | Queue | Villager (Male) |
| 20:23 | Queue | Monk |
| 20:26 | Research | Sanctity |
| 20:35 | Queue | Villager (Male) |
| 20:40 | Build | Farm |
| 20:43 | Build | Farm |
| 20:48 | Build | Mining Camp |
| 20:58 | Queue | Villager (Male) |
| 21:11 | Build | Farm |
| 21:48 | Queue | Villager (Male) |
| 21:51 | Queue | Villager (Male) |
| 22:15 | Queue | Villager (Male) |
| 22:35 | Queue | Villager (Male) |
| 22:38 | Research | Redemption |
| 22:58 | Queue | Hussite Wagon |
| 23:07 | Build | Watch Tower |
| 23:12 | Queue | Monk |
| 23:14 | Build | Monastery |
| 24:01 | Queue | Villager (Male) |
| 24:13 | Queue | Monk |
| 24:28 | Queue | Monk |
| 24:37 | Queue | Monk |
| 24:49 | Queue | Villager (Male) |
| 24:49 | Queue | Villager (Male) |
| 24:56 | Queue | Hussite Wagon |
| 25:43 | Queue | Hussite Wagon |
| 25:57 | Queue | Villager (Male) |
| 25:57 | Queue | Villager (Male) |
| 25:58 | Queue | Villager (Male) |
| 26:12 | Queue | Hussite Wagon |
| 26:55 | Queue | Villager (Male) |
| 27:36 | Queue | Hussite Wagon |
| 28:10 | Build | Castle |
| 28:45 | Queue | Hussite Wagon |
| 28:46 | Queue | Hussite Wagon |
| 28:50 | Build | Mill |
| 29:01 | Queue | Hussite Wagon |
| 29:02 | Queue | Hussite Wagon |
| 29:19 | Queue | Villager (Male) |
| 29:20 | Research | Town Watch |
| 29:23 | Build | Farm |
| 29:49 | Build | Town Center |
| 30:00 | Queue | Villager (Male) |
| 30:00 | Queue | Villager (Male) |
| 30:36 | Queue | Villager (Male) |
| 30:46 | Queue | Villager (Male) |
| 31:01 | Build | Mining Camp |
| 31:10 | Queue | Monk ×2 |
| 31:20 | Queue | Villager (Male) |
| 31:20 | Queue | Villager (Male) |
| 31:20 | Queue | Villager (Male) |
| 31:21 | Queue | Villager (Male) |
| 31:32 | Queue | Villager (Male) |
| 31:34 | Build | Farm |
| 31:36 | Queue | Villager (Male) |
| 31:38 | Build | Farm |
| 31:49 | Queue | Villager (Male) |
| 31:57 | Queue | Hussite Wagon |
| 32:08 | Build | Farm |
| 32:14 | Queue | Villager (Male) |
| 32:14 | Queue | Villager (Male) |
| 32:23 | Research | Double-Bit Axe |
| 32:38 | Queue | Monk |
| 32:38 | Queue | Monk |
| 33:15 | Queue | Hussite Wagon |
| 33:37 | Build | Castle |
| 33:42 | Queue | Hussite Wagon |
| 33:43 | Queue | Villager (Male) |
| 33:44 | Queue | Villager (Male) |
| 33:44 | Queue | Villager (Male) |
| 34:37 | Research | Fletching |
| 34:51 | Build | Mill |
| 34:53 | Queue | Villager (Male) |
| 34:54 | Build | Farm |
| 34:55 | Build | Farm |
| 34:55 | Build | Farm |
| 34:55 | Build | Farm |
| 34:55 | Build | Farm |
| 34:56 | Build | Farm |
| 34:56 | Build | Farm |
| 34:56 | Build | Farm |
| 34:57 | Build | Farm |
| 35:10 | Queue | Hussite Wagon |
| 35:27 | Queue | Monk |
| 35:27 | Queue | Monk |
Match timeline
| 3:26 | Kejserguldbajer 2. · wall_segment Palisade Wall x4 |
| 7:24 | Kejserguldbajer 2. · wall_segment Palisade Wall x1 |
| 7:26 | Kejserguldbajer 2. · wall_segment Palisade Wall x1 |
| 7:26 | TdB.DavidVJ · first_building Barracks |
| 8:54 | TdB.DavidVJ · age_up feudal |
| 8:55 | TdB.DavidVJ · first_building Stable |
| 9:18 | Kejserguldbajer 2. · age_up feudal |
| 10:33 | Kejserguldbajer 2. · first_market_sell 100 stone |
| 12:34 | TdB.DavidVJ · wall_segment Palisade Wall x1 |
| 12:35 | TdB.DavidVJ · wall_segment Palisade Wall x1 |
| 12:35 | TdB.DavidVJ · wall_segment Palisade Wall x1 |
| 12:36 | TdB.DavidVJ · wall_segment Palisade Wall x1 |
| 12:36 | TdB.DavidVJ · wall_segment Palisade Wall x1 |
| 12:37 | TdB.DavidVJ · wall_segment Palisade Wall x1 |
| 12:37 | TdB.DavidVJ · wall_segment Palisade Wall x1 |
| 12:58 | Kejserguldbajer 2. · wall_segment Palisade Wall x1 |
| 13:48 | Kejserguldbajer 2. · age_up castle |
| 13:51 | Kejserguldbajer 2. · first_building Castle |
| 14:58 | TdB.DavidVJ · first_market_sell 100 wood |
| 14:59 | TdB.DavidVJ · first_market_buy 100 food |
| 15:32 | TdB.DavidVJ · wall_segment Palisade Wall x1 |
| 17:21 | Kejserguldbajer 2. · first_market_buy 100 food |
| 18:18 | TdB.DavidVJ · age_up castle |
| 18:24 | TdB.DavidVJ · first_building Castle |
| 18:31 | TdB.DavidVJ · first_building Siege Workshop |
| 18:41 | TdB.DavidVJ · wall_segment Palisade Wall x1 |
| 19:39 | Kejserguldbajer 2. · first_building Monastery |
| 35:09 | TdB.DavidVJ · age_up imperial |
| 44:03 | Kejserguldbajer 2. · resign |
[ AI ANALYSIS · 1 CREDIT ]
What really happened in this match?
Wolo.gg analyzes every decision: build order, eco, micro, common mistakes by bracket. Personalized analysis on WhatsApp or Discord in 30 seconds.
Civ guide
Turks
Perfil
TdB.DavidVJ